 Dungeon Crawl Stone Soup version 0.25.1-2-g60ff931df9 (webtiles) character file.

Game seed: 2622709847464814684

1126 Martska the Skirmisher (level 8, -14/71 HPs)
             Began as a Minotaur Fighter on Oct 2, 2020.
             Was an Initiate of the Shining One.
             Demolished by a two-headed ogre
             ... wielding a +0 giant club
              (16 damage)
             ... on level 5 of the Dungeon.
             The game lasted 00:05:11 (4645 turns).

Martska the Skirmisher (Minotaur Fighter)           Turns: 4645, Time: 00:05:11

Health: -14/71     AC: 13    Str: 21    XL:     8   Next: 13%
Magic:  7/7        EV:  6    Int:  5    God:    the Shining One [......]
Gold:   311        SH:  9    Dex: 12    Spells: 7/7 levels left

rFire    . . .     SeeInvis .   u - +1 war axe (freeze)
rCold    . . .     Gourm    .   c - +0 kite shield
rNeg     . . .     Faith    .   m - +0 plate armour
rPois    .         Spirit   .   (helmet restricted)
rElec    .         Reflect  .   (no cloak)
rCorr    .         Harm     .   (no gloves)
MR       .....                  (no boots)
Stlth    ..........             (no amulet)
HPRegen  0.21/turn              (no ring)
MPRegen  0.10/turn              (no ring)

@: glowing
A: retaliatory headbutt, horns 2
a: Renounce Religion


You were on level 5 of the Dungeon.
You worshipped the Shining One.
The Shining One was noncommittal.
You were not hungry.

You visited 2 branches of the dungeon, and saw 6 of its levels.

You collected 311 gold pieces.

Inventory:

Hand Weapons
 a - a +0 war axe
 g - a +0 vorpal dire flail
 u - a +1 war axe of freezing (weapon)
Armour
 b - a +1 scale mail
 c - a +0 kite shield (worn)
 m - a +0 plate armour (worn)
Jewellery
 y - a +6 ring of strength {unknown}
Scrolls
 e - 7 scrolls of remove curse {unknown}
 j - 10 scrolls of identify {unknown}
 A - a scroll of enchant armour
Potions
 d - 2 potions of might
 h - a potion of haste {unknown}
 i - 4 potions of invisibility {unknown}
 k - a potion of flight {unknown}
 l - 2 potions of heal wounds {unknown}
 n - 2 potions of ambrosia {unknown}
 o - a potion of lignification {unknown}
 p - a potion of berserk rage {unknown}
 q - a potion of magic {unknown}
 r - 2 potions of curing {unknown}
 s - a potion of mutation {unknown}
 t - 2 potions of degeneration {unknown}
 v - a potion of experience {unknown}
 w - a potion of resistance {unknown}
 x - a potion of brilliance {unknown}
 C - 2 potions of stabbing {unknown}
Comestibles
 f - 6 rations
 z - 11 chunks of flesh


   Skills:
 * Level 6.8 Fighting
 * Level 6.2 Axes
 * Level 6.8 Armour
 * Level 5.0 Dodging
 - Level 3.6 Shields


You had 7 spell levels left.
You didn't know any spells.
Your spell library was empty.

Dungeon Overview and Level Annotations

Branches:
Dungeon (5/15)             Temple (1/1) D:5

Altars:
Cheibriados
Fedhas
Hepliaklqana
Nemelex Xobeh
Qazlal
Ru
Sif Muna
Trog
Wu Jian
The Shining One


Innate Abilities, Weirdness & Mutations

You reflexively headbutt those who attack you in melee.
You have a pair of horns on your head.


Message History

You hit the two-headed ogre. You freeze the two-headed ogre.
The two-headed ogre is lightly wounded.
The two-headed ogre barely misses you. x2
The two-headed ogre hits you with a +0 giant club!
The two-headed ogre hits you with a +0 giant club!!
You hit the two-headed ogre. You freeze the two-headed ogre.
You headbutt the two-headed ogre!
The two-headed ogre is moderately wounded.
The two-headed ogre hits you with a +0 giant club!
The two-headed ogre hits you with a +0 giant club!!
* * * LOW HITPOINT WARNING * * *
You are too injured to fight recklessly!
As you read the scroll labeled DORREUDAXU, it crumbles to dust.
It is a scroll of enchant armour.
Your +0 scale mail glows green for a moment.
As you read the scroll labeled UPUWAEHACA, it crumbles to dust.
You feel aware of your surroundings.
You sensed 3 altars, and 1 shop/portal.
It was a scroll of magic mapping.
You block the two-headed ogre's attack.
The two-headed ogre hits you with a +0 giant club!
You die...

##### #...# #.#.# ####.#.####
*#######**** ..##.#....#
*.......,,,*
#.##.####.#######...o...,,,******
)...............@O..o...,,,+,**,,
#.##.#.##########o..o...,,,*,**,,
#.##.#...# *##########**,,,,*,,
#.##.###.# *<...# *,**,*,,
..##.###.########.########.*,,,,,
......(....................,,>,*+
.....................#####,*,,,,,
.................###.# *,,...**
.................# #.########..##


You could see a two-headed ogre, an orc priest and 3 orcs.

Vanquished Creatures
  Menkaure (D:4)
  3 ogres
  Blork the orc (D:4)
  A howler monkey (D:4)
  An orc priest (D:5)
  A hound (D:5)
  Natasha (twice) (D:2)
  Jessica (D:3)
  3 iguanas
  3 worker ants
  2 orc wizards
  11 gnolls
  4 adders
  An ooze (D:5)
  An adder skeleton (D:5)
  4 worms
  2 dart slugs (D:1)
  4 leopard geckos (D:3)
  24 orcs
  4 bats
  7 giant cockroaches
  8 goblins
  8 hobgoblins
  4 jackals (D:2)
  3 quokkas
  8 frilled lizards
  9 kobolds
  12 rats
133 creatures vanquished.

Notes
Turn   | Place    | Note
-------+----------+-------------------------------------------
     0 | D:1      | Martska the Minotaur Fighter began the quest for the Orb.
     0 | D:1      | Reached XP level 1. HP: 19/19 MP: 0/0
   154 | D:1      | Reached XP level 2. HP: 27/27 MP: 1/1
   281 | D:1      | Reached skill level 1 in Dodging
   671 | D:2      | Reached XP level 3. HP: 30/33 MP: 2/2
   871 | D:2      | Reached XP level 4. HP: 27/40 MP: 3/3
  1315 | D:2      | You fall into a shaft and drop 2 floors!
  1352 | D:3      | Reached XP level 5. HP: 45/47 MP: 4/4
  1795 | D:3      | Reached skill level 5 in Armour
  1836 | D:3      | Reached skill level 5 in Fighting
  1870 | D:3      | Noticed Jessica
  1872 | D:3      | Killed Jessica
  1976 | D:3      | Reached XP level 6. HP: 32/56 MP: 5/5
  2668 | D:2      | Noticed Natasha
  2679 | D:2      | Killed Natasha
  2873 | D:2      | Noticed Natasha
  2885 | D:2      | Killed Natasha
  3329 | D:4      | Reached skill level 5 in Axes
  3329 | D:4      | Reached XP level 7. HP: 55/62 MP: 6/6
  3546 | D:4      | Noticed Menkaure
  3552 | D:4      | Killed Menkaure
  3834 | D:4      | Noticed Blork the orc
  3850 | D:4      | Killed Blork the orc
  4152 | D:5      | Entered Level 5 of the Dungeon
  4258 | D:5      | Found a sparkling altar of Nemelex Xobeh.
  4258 | D:5      | Found a blossoming altar of Fedhas.
  4319 | D:5      | Reached XP level 8. HP: 64/71 MP: 7/7
  4379 | D:5      | Found a staircase to the Ecumenical Temple.
  4389 | Temple   | Entered the Ecumenical Temple
  4427 | Temple   | Became a worshipper of the Shining One
  4613 | D:5      | Reached skill level 5 in Dodging
  4640 | D:5      | Noticed a two-headed ogre
  4643 | D:5      | HP: 2/71 [two-headed ogre/+0 giant club (23)]
  4645 | D:5      | Demolished by a two-headed ogre

Illustrated notes

Levels and vault maps discovered:
D:1:      dpeg_arrival_pits, layout_rooms, nrook_loot_triangle,
          minmay_liquid_box
D:2:      layout_rooms, roderic_lattice_a, uniq_natasha
D:3:      layout_loops_corners, uniq_jessica
D:4:      minmay_spotlight, layout_rooms, first_ration,
          minmay_misc_feat_four_crosses, uniq_blork_the_orc, uniq_menkaure
D:5:      layout_basic, gammafunk_temple_overflow_claw,
          amethyst_overflow_temple_binary, minmay_temple_entry_proselytizer,
          enter_ossuary_5
Temple:   regret_index_temple_sphere_string

Skill      XL: |  1  2  3  4  5  6  7  8 |
---------------+-------------------------+-----
Dodging        | 1 2 3 4 5 |  5.0
Armour         | 4 5 6 |  6.8
Fighting       | 4 5 6 |  6.8
Axes           | 3 4 5 6 |  6.2
Shields        | |  3.6

Action                   |  1- 3 |  4- 6 |  7- 9 || total
-------------------------+-------+-------+-------++-------
Melee: War axe           |    60 |   200 |    83 ||   343
       Headbutt          |     7 |    38 |    17 ||    62
  Use: Scroll            |       |       |     2 ||     2
  Eat: Ration            |       |     1 |     1 ||     2
       Chunk             |       |     5 |     1 ||     6
Armor: Scale mail        |    29 |    80 |       ||   109
       Plate armour      |       |    39 |    36 ||    75
Dodge: Dodged            |    25 |    57 |    27 ||   109
Block: Kite shield       |    26 |   114 |    30 ||   170
